 Dungeon Crawl Stone Soup version 0.31.0-11-ge490571c62 (webtiles) character file.

Game seed: 1020118756059422737

8 browni3141 the Firebug (level 2, 19/19 HPs)
             Began as a Demonspawn Fire Elementalist on Jan 30, 2024.
             Got out of the dungeon alive.
             The game lasted 00:00:28 (429 turns).

browni3141 the Firebug (DsFE)                        Turns: 429, Time: 00:00:28

Health: 19/19      AC:  2    Str:  8    XL:     2   Next: 0%
Magic:  5/5        EV: 14    Int: 15    God:
Gold:   0          SH:  0    Dex: 13    Spells: 4/5 levels left

rFire   . . .        c - +0 short sword
rCold   . . .        (no shield)
rNeg    . . .        a - +0 robe
rPois   .            (no helmet)
rElec   .            (no cloak)
rCorr   .            (no gloves)
SInv    .            (no boots)
Will    .....        (no amulet)
Stlth   ++           (no ring)
HPRegen 0.23/turn    (no ring)
MPRegen 0.09/turn

%: no passive effects
@: no status effects
A: repulsion field 1
a: no special abilities


You escaped.
You visited 1 branch of the dungeon, and saw 1 of its levels.

Inventory:

Hand Weapons
 c - a +0 short sword (weapon)
Armour
 a - a +0 robe (worn)
Potions
 b - a potion of magic


   Skills:
 + Level 1.9 Dodging
 + Level 2.0 Stealth
 + Level 2.1 Spellcasting
 + Level 1.2 Conjurations
 + Level 2.8 Fire Magic


You had 4 spell levels left.
You knew the following spells:

 Your Spells              Type           Power      Damage    Failure   Level
a - Foxfire               Conj/Fire      28%        2x1d5     10%         1

Your spell library contained the following spells:

 Spells                   Type           Power      Damage    Failure   Level
 Scorch                   Fire           20%        2d5       11%         2
 Inner Flame              Hex/Fire       5%         N/A       36%         3
 Volatile Blastmotes      Fire/Tloc      10%        2d10      36%         3
 Flame Wave               Conj/Fire      7%         2d5       67%         4


Dungeon Overview and Level Annotations

Branches:
Dungeon (1/15)

Altars:


Innate Abilities, Weirdness & Mutations

You are surrounded by a mild repulsion field. (EV +2)


Message History

Anything else - Cancel.
You shout for attention!
What are your orders? t - Shout!
Orders for allies: a - Attack new target. r - Retreat! s - Stop attacking. g - Guard the area. f - Follow me.
Anything else - Cancel.
You shout for attention!
You conjure some foxfire!
The quokka closely misses you.
You conjure some foxfire!
The foxfire hits the quokka.
The quokka is lightly wounded.
The foxfire hits the quokka.
The quokka is moderately wounded.
The quokka misses you.
The foxfire hits the quokka.
The quokka is severely wounded.
The foxfire hits the quokka but does no damage.
The quokka is severely wounded.
The quokka bites you.
You conjure some foxfire!
The quokka misses you. The quokka closely misses you.
The foxfire hits the quokka.
You kill the quokka!
Your foxfire dissipates!
HP restored.
A bat comes into view.
The bat hits you but does no damage.
A bat is nearby!
A bat is nearby!
You conjure some foxfire!
The bat hits you but does no damage. The bat closely misses you.
You barely miss the bat.
The foxfire hits the bat.
The bat is severely wounded.
The bat barely misses you.
You hit the bat but do no damage.
The bat is severely wounded.
The bat completely misses you.
You barely miss the bat.
The bat is severely wounded.
The bat barely misses you. The bat hits you. The bat closely misses you.
You conjure some foxfire!
The bat barely misses you.
The foxfire hits the bat.
You kill the bat!
Your foxfire dissipates!
A rat comes into view.
A rat is nearby!
A rat is nearby!
A rat is nearby!
You miscast Foxfire.
You are very lightly contaminated with residual magic.
Nothing appears to happen.
You conjure some foxfire!
The rat squeaks loudly.
The foxfire hits the rat but does no damage.
The foxfire hits the rat.
You kill the rat!
Your magical contamination has completely faded away.
You see here a rat corpse.
You open the door. You open the door.
There is an open door here.
A ball python comes into view.
The ball python hisses angrily.
A ball python is nearby!
A ball python is nearby!
You conjure some foxfire!
The foxfire hits the ball python.
The ball python is severely wounded.
The foxfire hits the ball python.
You kill the ball python!
You see here a +0 pair of gloves.
You open the door.
There is an open door here.
Found a stone staircase leading down.
There is a stone staircase leading down here.
A goblin comes into view. It is wielding a +0 club.
A goblin is nearby!
You conjure some foxfire!
The goblin shouts!
A kobold comes into view. It is wielding a +0 dagger.
The foxfire hits the goblin.
You kill the goblin!
The kobold throws a stone.
The stone hits you but does no damage.
You start resting.
A kobold is nearby!
You conjure some foxfire!
The kobold throws a stone.
The stone completely misses you.
The foxfire hits the kobold.
You kill the kobold!
Your Stealth skill increases to level 2!
You have reached level 2!
Your demonic ancestry asserts itself...
You begin to radiate repulsive energy.
Your foxfire dissipates!
There is a stone staircase leading down here.
There is an open door here.
Magic restored.
There is an open door here.
There is a staircase leading out of the dungeon here.
You have escaped!

#..##.#..##..#.#..#
#.#..#.....
#........#####.#'##
#...)...###
#####.######.....## #.......#
#####.#####.......#####..####
#....†..##.........##....#
#.###.##+...........###.##
#.# #.##.............##.# #.#
#.##.............##.# #.#
#..#......@......#..# #.#
####.............#### #.#
#.............#
#.#######...........##
#.......##.........##
#######.###.......##
#...##.....'# ###..##...###
##..+#.##


There were no monsters in sight!

Vanquished Creatures
  A bat (D:1)
  A goblin (D:1)
  2 quokkas (D:1)
  A ball python (D:1)
  2 kobolds (D:1)
  A rat (D:1)
8 creatures vanquished.

Vanquished Creatures (others)
  19 foxfires (D:1)
19 creatures vanquished.

Grand Total: 27 creatures vanquished

Notes
Turn   | Place    | Note
-------+----------+-------------------------------------------
     0 | D:1      | browni3141 the Demonspawn Fire Elementalist began the quest
                  | for the Orb.
     0 | D:1      | Reached XP level 1. HP: 13/13 MP: 3/3
   365 | D:1      | Gained mutation: You are surrounded by a mild repulsion
                  | field. (EV +2) [demonic ancestry]
   365 | D:1      | Reached XP level 2. HP: 19/19 MP: 1/5
   429 | D:$      | Got out of the dungeon alive.

Illustrated notes

Levels and vault maps discovered:
D:1:      lemuel_arrival_rhombus, layout_loops_cross, kennysheep_pointless_box

Skill      XL: |  1 |
---------------+----+-----
Stealth        | 2 |  2.0
Dodging        | |  1.9
Spellcasting   | |  2.1
Conjurations   | |  1.2
Fire Magic     | |  2.8

Action                     || total
---------------------------++-------
  Melee: Short sword       ||     3
   Cast: Foxfire           ||    13
 Armour: Robe              ||     7
  Dodge: Dodged            ||    12
